Winnipeg Jets vs Hartford Whalers
Created - Friday, November 22, 2024 at 09:03
Goals
|
| Winnipeg Jets |
0 |
1 |
0 |
1 |
| Hartford Whalers |
1 |
4 |
1 |
6 |
|
Shots
|
| Winnipeg Jets |
8 |
9 |
5 |
22 |
| Hartford Whalers |
6 |
13 |
8 |
27 |
|
1st period
1. Hartford Whalers , Morgan Frost 26 (T.J. Oshie 25, Miles Wood 13) at 6:09
Penalties :
Tom Wilson (HFD) for Hooking (Minor) at 9:10, Adam Lowry (WPG) for Tripping (Minor) at 15:53
2nd period
2. Hartford Whalers , Matt Duchene 27 (Nick Suzuki 45) at 0:06
3. Winnipeg Jets , Ridly Greig 10 (Cam Atkinson 4, Dylan Samberg 8) at 4:01
4. Hartford Whalers , Tom Wilson 30 (Joshua Norris 22) at 5:27
5. Hartford Whalers , Tom Wilson 31 (Joshua Norris 23, Tyler Myers 15) at 6:43
6. Hartford Whalers , Nick Suzuki 39 (Anthony Cirelli 23, Tyler Myers 16) at 7:52
Penalties :
Adam Lowry (WPG) for Tripping (Minor) at 1:32, Ryan McDonagh (HFD) for Fighting (Major) at 13:11, Nate Schmidt (WPG) for Fighting (Major) at 13:11, Matt Duchene (HFD) for Fighting (Major) at 14:24, Cam Atkinson (WPG) for Fighting (Major) at 14:24, Cam Atkinson (WPG) for instigated a fight (Minor) at 14:24, Cam Atkinson (WPG) for instigated a fight (10 Minutes Misconduct) at 14:24
3rd period
7. Hartford Whalers , Tom Wilson 32 (Joshua Norris 24) at 19:07
Penalties :
Miles Wood (HFD) for Fighting (Major) at 4:33, Andre Burakovsky (WPG) for Fighting (Major) at 4:33, Kaiden Guhle (HFD) for Fighting (Major) at 5:06, Ridly Greig (WPG) for Fighting (Major) at 5:06, Anthony Cirelli (HFD) for Fighting (Major) at 6:10, Barclay Goodrow (WPG) for Fighting (Major) at 6:10, Jason Zucker (WPG) for Tripping (Minor) at 6:13, Jason Zucker (WPG) for Slashing (Minor) at 14:28, Tom Wilson (HFD) for Tripping (Minor) at 17:00
Goalie Stats
Martin Jones (WPG), 21 saves from 27 shots - (0.778), L, 9-7-1, 60:00 minutes
Spencer Knight (HFD), 21 saves from 22 shots - (0.955), W, 15-17-4, 60:00 minutes
Players Stats for Winnipeg Jets
Player Name G A P +/- PIM S H SB GA TA FO MP PP MP PK MP
------------------------------------------------------------------------------------
Adam Lowry 0 0 0 -1 4 2 0 0 0 0 3/9 13:51 0:00 2:36
Alexis Lafreniere 0 0 0 -2 0 3 3 1 1 0 0/1 17:35 2:01 0:27
Andre Burakovsky 0 0 0 -3 5 1 0 0 0 0 1/1 14:16 1:53 0:00
Barclay Goodrow 0 0 0 -1 5 0 1 0 0 0 1/3 14:19 0:00 3:42
Cam Atkinson 0 1 1 1 17 1 0 0 0 0 0/0 6:04 0:00 0:00
Connor Bedard 0 0 0 -3 0 1 2 1 0 0 6/18 17:02 1:56 1:56
Connor McDavid 0 0 0 -2 0 1 0 3 1 0 11/20 15:34 2:02 0:00
Dylan Samberg 0 1 1 -3 0 1 0 0 0 1 0/0 20:38 0:00 4:45
Jason Zucker 0 0 0 -3 4 2 0 1 2 0 1/1 16:03 1:59 0:00
Joel Armia 0 0 0 -2 0 1 1 1 0 0 1/2 20:29 1:56 4:37
Mason Appleton 0 0 0 -1 0 0 2 0 1 0 1/1 16:17 0:00 4:51
Michael Kesselring 0 0 0 0 0 0 1 0 0 0 0/0 18:48 0:00 4:45
Nate Schmidt 0 0 0 -3 5 0 0 2 0 0 0/0 14:11 1:38 0:00
Olen Zellweger 0 0 0 0 0 1 1 0 0 0 0/0 19:31 2:20 5:10
Oliver Ekman-Larsson 0 0 0 -2 0 1 0 2 0 1 0/0 27:00 2:20 5:10
Olli Maatta 0 0 0 -2 0 1 2 1 0 1 0/0 19:51 1:38 0:00
Ridly Greig 1 0 1 1 5 5 3 0 1 0 3/3 10:19 0:07 1:37
Sam Steel 0 0 0 1 0 1 0 0 0 0 1/1 8:08 0:00 0:04
Players Stats for Hartford Whalers
Player Name G A P +/- PIM S H SB GA TA FO MP PP MP PK MP
------------------------------------------------------------------------------------
Anthony Cirelli 0 1 1 1 5 1 3 1 2 0 0/2 19:26 4:14 1:54
Charlie McAvoy 0 0 0 3 0 1 1 0 0 0 0/0 28:28 5:10 1:59
Jaden Schwartz 0 0 0 3 0 4 2 0 0 0 0/0 19:21 4:51 0:00
Josh Anderson 0 0 0 0 0 1 1 0 0 0 0/0 9:22 0:18 0:37
Joshua Norris 0 3 3 3 0 4 0 1 0 1 7/11 14:19 0:00 0:00
Kaiden Guhle 0 0 0 1 5 1 1 0 0 1 0/0 13:59 0:42 0:00
Matt Duchene 1 0 1 2 5 2 1 2 0 0 0/2 22:34 3:44 1:54
Miles Wood 0 1 1 1 5 1 3 0 0 0 1/2 16:15 3:39 1:27
Morgan Frost 1 0 1 0 0 4 1 0 0 1 6/9 15:39 2:28 0:07
Nick Suzuki 1 1 2 2 0 2 0 0 1 1 17/31 24:48 5:07 1:57
Ryan McDonagh 0 0 0 1 5 0 0 2 0 0 0/0 18:19 3:50 1:59
Ryan Suter 0 0 0 1 0 0 0 1 0 0 0/0 12:14 0:00 0:00
Samuel Girard 0 0 0 1 0 2 0 0 0 2 0/0 19:39 4:45 1:59
T.J. Oshie 0 1 1 0 0 0 4 0 0 0 0/1 13:44 0:33 0:00
Tom Wilson 3 0 3 3 4 4 0 1 0 0 0/2 19:30 4:51 0:00
Tomas Tatar 0 0 0 0 0 0 0 0 0 0 0/0 0:42 0:00 0:00
Tyler Johnson 0 0 0 0 0 0 0 0 0 0 0/0 0:17 0:00 0:00
Tyler Myers 0 2 2 3 0 0 2 1 0 0 0/0 27:19 5:23 1:59
3 Stars
1 - Tom Wilson (HFD)
2 - Joshua Norris (HFD)
3 - Tyler Myers (HFD)
Power Play
Winnipeg Jets - 0 on 2 Attempt(s) - 0.00%
Hartford Whalers - 0 on 5 Attempt(s) - 0.00%
Penalty Kill
Winnipeg Jets - 5 on 5 Attempt(s) - 100.00%
- Score 0 goal in Penalty Kill
Hartford Whalers - 2 on 2 Attempt(s) - 100.00%
- Score 0 goal in Penalty Kill
Team Stat
Winnipeg Jets - Hits : 16 - Faceoff Wins : 29 - Blocked Shots : 12 - Penalty Minutes : 45
Hartford Whalers - Hits : 19 - Faceoff Wins : 31 - Blocked Shots : 9 - Penalty Minutes : 29
Official
Referees : Mitch Dunning and Kevin Pollock
Linesman : Ryan Jackson and David Brisebois
Game Notes
Nate Schmidt beats up Ryan McDonagh at 13:11 of 2nd period
Cam Atkinson beats up Matt Duchene at 14:24 of 2nd period
Miles Wood and Andre Burakovsky fight to a draw at 4:33 of 3rd period
Kaiden Guhle and Ridly Greig fight to a draw at 5:06 of 3rd period
Anthony Cirelli and Barclay Goodrow fight to a draw at 6:10 of 3rd period
Tom Wilson has scored a Hat Trick!
Finance
Level 1 -- Attendance: 5210 (52.10%) -- Ticket Income $468,900
Level 2 -- Attendance: 4292 (85.84%) -- Ticket Income $236,060
Level 3 -- Attendance: 3000 (100.00%) -- Ticket Income $90,000
Level 4 -- Attendance: 4485 (89.70%) -- Ticket Income $89,700
Luxury Box -- Attendance: 893 (89.30%) -- Ticket Income $169,670
Game was played at the Hartford Civic Center.
Total Attendance: 17880 (74.50%)
Total Ticket Income: $1,054,330
Other Income: $369,016
Total Income: $1,423,346
Winnipeg Jets
5 vs 5 Forward
Center Left Wing Right Wing Time % Phy DF OF
1 Connor McDavid Alexis Lafreniere Joel Armia 30 1 2 2
2 Connor Bedard Andre Burakovsky Jason Zucker 30 1 2 2
3 Adam Lowry Barclay Goodrow Mason Appleton 25 1 2 2
4 Ridly Greig Sam Steel Cam Atkinson 15 1 2 2
5 vs 5 Defense
Defense Defense Time % Phy DF OF
1 Oliver Ekman-Larsson Olli Maatta 30 1 2 2
2 Dylan Samberg Nate Schmidt 30 1 2 2
3 Michael Kesselring Olen Zellweger 25 1 2 2
4 Oliver Ekman-Larsson Olli Maatta 15 1 2 2
PowerPlay Forward
Center Left Wing Right Wing Time % Phy DF OF
1 Connor McDavid Alexis Lafreniere Jason Zucker 50 1 2 2
2 Connor Bedard Joel Armia Andre Burakovsky 50 1 2 2
PowerPlay Defense
Defense Defense Time % Phy DF OF
1 Oliver Ekman-Larsson Olen Zellweger 50 1 2 2
2 Nate Schmidt Olli Maatta 50 1 2 2
Penalty Kill 4 Players Forward
Center Wing Time % Phy DF OF
1 Adam Lowry Joel Armia 50 1 2 2
2 Barclay Goodrow Mason Appleton 50 1 2 2
Penalty Kill 4 Players Defense
Defense Defense Time % Phy DF OF
1 Olen Zellweger Oliver Ekman-Larsson 50 1 2 2
2 Dylan Samberg Michael Kesselring 50 1 2 2
Penalty Kill - 3 Players Forward
Forward Time % Phy DF OF
1 Adam Lowry 50 1 2 2
2 Barclay Goodrow 50 1 2 2
Penalty Kill - 3 Players Defense
Defense Defense Time % Phy DF OF
1 Olen Zellweger Dylan Samberg 50 1 2 2
2 Olli Maatta Oliver Ekman-Larsson 50 1 2 2
4 vs 4 Forward
Center Wing Time % Phy DF OF
1 Connor McDavid Jason Zucker 50 1 2 2
2 Adam Lowry Barclay Goodrow 50 1 2 2
4 vs 4 Defense
Defense Defense Time % Phy DF OF
1 Nate Schmidt Olli Maatta 50 1 2 2
2 Oliver Ekman-Larsson Dylan Samberg 50 1 2 2
Last Minutes Offensive
Center Left Wing Right Wing Defense Defense
Connor McDavid Alexis Lafreniere Connor Bedard Oliver Ekman-Larsson Olen Zellweger
Last Minutes Defensive
Center Left Wing Right Wing Defense Defense
Adam Lowry Barclay Goodrow Joel Armia Nate Schmidt Olli Maatta
Goaltenders
Starting : Martin Jones
Backup : Ukko-Pekka Luukkonen
Extra Forwards
Normal : Ridly Greig, Andre Burakovsky, Jason Zucker - PP : Ridly Greig, Sam Steel - PK : Ridly Greig
Extra Defensemen
Normal : Nate Schmidt, Michael Kesselring, Dylan Samberg - PP : Michael Kesselring - PK : Olen Zellweger, Dylan Samberg
Penalty Shots
Connor McDavid, Connor Bedard, Alexis Lafreniere, Andre Burakovsky, Jason Zucker
Scratches
Oliver Kylington (Healthy), Brayden Pachal (Healthy)
Hartford Whalers
5 vs 5 Forward
Center Left Wing Right Wing Time % Phy DF OF
1 Nick Suzuki Anthony Cirelli Matt Duchene 30 0 2 3
2 Joshua Norris Jaden Schwartz Tom Wilson 30 0 2 3
3 Morgan Frost Miles Wood T.J. Oshie 25 1 3 1
4 Nick Suzuki Josh Anderson Matt Duchene 15 0 2 3
5 vs 5 Defense
Defense Defense Time % Phy DF OF
1 Charlie McAvoy Tyler Myers 30 1 2 2
2 Ryan McDonagh Kaiden Guhle 30 1 2 2
3 Ryan Suter Samuel Girard 25 1 2 2
4 Tyler Myers Charlie McAvoy 15 1 2 2
PowerPlay Forward
Center Left Wing Right Wing Time % Phy DF OF
1 Nick Suzuki Anthony Cirelli Matt Duchene 50 0 1 4
2 Miles Wood Jaden Schwartz Tom Wilson 50 1 1 3
PowerPlay Defense
Defense Defense Time % Phy DF OF
1 Charlie McAvoy Tyler Myers 50 1 2 2
2 Ryan McDonagh Samuel Girard 50 1 2 2
Penalty Kill 4 Players Forward
Center Wing Time % Phy DF OF
1 Nick Suzuki Matt Duchene 50 1 2 2
2 Anthony Cirelli Tom Wilson 50 1 2 2
Penalty Kill 4 Players Defense
Defense Defense Time % Phy DF OF
1 Charlie McAvoy Tyler Myers 50 1 2 2
2 Ryan McDonagh Samuel Girard 50 1 2 2
Penalty Kill - 3 Players Forward
Forward Time % Phy DF OF
1 Nick Suzuki 50 0 5 0
2 Miles Wood 50 1 4 0
Penalty Kill - 3 Players Defense
Defense Defense Time % Phy DF OF
1 Charlie McAvoy Tyler Myers 50 1 4 0
2 Ryan McDonagh Samuel Girard 50 1 4 0
4 vs 4 Forward
Center Wing Time % Phy DF OF
1 Nick Suzuki Matt Duchene 50 1 2 2
2 Anthony Cirelli Tom Wilson 50 1 2 2
4 vs 4 Defense
Defense Defense Time % Phy DF OF
1 Charlie McAvoy Tyler Myers 50 1 2 2
2 Ryan McDonagh Ryan Suter 50 1 2 2
Last Minutes Offensive
Center Left Wing Right Wing Defense Defense
Nick Suzuki Anthony Cirelli Matt Duchene Charlie McAvoy Tyler Myers
Last Minutes Defensive
Center Left Wing Right Wing Defense Defense
Nick Suzuki Anthony Cirelli Matt Duchene Charlie McAvoy Tyler Myers
Goaltenders
Starting : Spencer Knight
Backup : Anton Forsberg
Extra Forwards
Normal : Morgan Frost, T.J. Oshie, Miles Wood - PP : Morgan Frost, T.J. Oshie - PK : Miles Wood
Extra Defensemen
Normal : Charlie McAvoy, Samuel Girard, Tyler Myers - PP : Tyler Myers - PK : Ryan McDonagh, Tyler Myers
Penalty Shots
Nick Suzuki, Matt Duchene, Anthony Cirelli, Tom Wilson, T.J. Oshie
Scratches
Dante Fabbro (Healthy)
% Time on Ice - Winnipeg Jets
Lines # - Real PCT - Wanted PCT - Time Play
Normal Forward
1 - 30% - 30% - 14:02
2 - 29% - 30% - 13:34
3 - 23% - 25% - 10:47
4 - 17% - 15% - 7:44
Normal Defense
1 - 31% - 30% - 14:12
2 - 32% - 30% - 14:45
3 - 26% - 25% - 11:52
4 - 11% - 15% - 5:18
PP Forward
1 - 51% - 50% - 2:02
2 - 49% - 50% - 1:56
PP Defense
1 - 59% - 50% - 2:20
2 - 41% - 50% - 1:38
PK Forward
1 - 50% - 50% - 5:00
2 - 50% - 50% - 4:55
PK Defense
1 - 52% - 50% - 5:10
2 - 48% - 50% - 4:45
PK3 Forward
1 - 0% - 50%
2 - 0% - 50%
PK3 Defense
1 - 0% - 50%
2 - 0% - 50%
44 Forward
1 - 0% - 50%
2 - 0% - 50%
44 Defense
1 - 0% - 50%
2 - 0% - 50%
Last Minute Offensive - 0:00
Last Minute Defensive - 0:00
Total
Forward - 60:00
Defense - 60:00
|
% Time on Ice - Hartford Whalers
Lines # - Real PCT - Wanted PCT - Time Play
Normal Forward
1 - 30% - 30% - 13:47
2 - 32% - 30% - 14:38
3 - 26% - 25% - 11:55
4 - 13% - 15% - 5:47
Normal Defense
1 - 32% - 30% - 14:40
2 - 32% - 30% - 14:41
3 - 25% - 25% - 11:29
4 - 11% - 15% - 5:17
PP Forward
1 - 51% - 50% - 5:04
2 - 49% - 50% - 4:51
PP Defense
1 - 52% - 50% - 5:10
2 - 48% - 50% - 4:45
PK Forward
1 - 48% - 50% - 1:54
2 - 52% - 50% - 2:04
PK Defense
1 - 50% - 50% - 1:59
2 - 50% - 50% - 1:59
PK3 Forward
1 - 0% - 50%
2 - 0% - 50%
PK3 Defense
1 - 0% - 50%
2 - 0% - 50%
44 Forward
1 - 0% - 50%
2 - 0% - 50%
44 Defense
1 - 0% - 50%
2 - 0% - 50%
Last Minute Offensive - 0:00
Last Minute Defensive - 0:00
Total
Forward - 60:00
Defense - 60:00
|
Play-by-Play
1st period
0:01 of 1st period - Nick Suzuki wins face-off versus Connor McDavid in neutral zone.
0:12 of 1st period - Snap shot by Matt Duchene.
0:12 of 1st period - Shot Misses the Net.
1:14 of 1st period - Slapshot by Joshua Norris.
1:14 of 1st period - Stopped by Martin Jones with a rebound.
1:50 of 1st period - Snap shot by Morgan Frost.
1:50 of 1st period - Stopped by Martin Jones with a rebound.
1:52 of 1st period - Slapshot by Samuel Girard.
1:52 of 1st period - Stopped by Martin Jones with a rebound.
4:00 of 1st period - Anthony Cirelli is hit by Joel Armia.
4:41 of 1st period - Off-side.
4:42 of 1st period - Connor McDavid wins face-off versus Morgan Frost in neutral zone.
5:19 of 1st period - Slapshot by Joshua Norris.
5:19 of 1st period - Shot Misses the Net.
5:55 of 1st period - Wrist shot by Cam Atkinson.
5:55 of 1st period - Stopped by Spencer Knight with a rebound.
5:57 of 1st period - Slapshot by Sam Steel.
5:57 of 1st period - Stopped by Spencer Knight without a rebound.
5:58 of 1st period - Morgan Frost wins face-off versus Connor Bedard in Hartford Whalers zone.
6:09 of 1st period - Snap shot by Morgan Frost.
6:09 of 1st period - Goal by Morgan Frost - Winnipeg Jets : 0 - Hartford Whalers : 1.
6:10 of 1st period - Connor McDavid wins face-off versus Nick Suzuki in neutral zone.
6:20 of 1st period - Snap shot by Connor McDavid.
6:20 of 1st period - Stopped by Spencer Knight with a rebound.
6:22 of 1st period - Slapshot by Oliver Ekman-Larsson.
6:22 of 1st period - Shot Blocked by Tyler Myers.
6:33 of 1st period - Icing by Tyler Myers.
6:34 of 1st period - Nick Suzuki wins face-off versus Adam Lowry in Hartford Whalers zone.
6:50 of 1st period - Off-side.
6:51 of 1st period - Andre Burakovsky wins face-off versus Matt Duchene in neutral zone.
6:56 of 1st period - Wrist shot by Jason Zucker.
6:56 of 1st period - Shot Blocked by Ryan Suter.
7:40 of 1st period - Icing by Samuel Girard.
7:41 of 1st period - Morgan Frost wins face-off versus Connor McDavid in Hartford Whalers zone.
8:10 of 1st period - Snap shot by T.J. Oshie.
8:10 of 1st period - Deflect By Nick Suzuki.
8:10 of 1st period - Stopped by Martin Jones without a rebound.
8:11 of 1st period - Mason Appleton wins face-off versus Nick Suzuki in Winnipeg Jets zone.
8:44 of 1st period - Snap shot by Adam Lowry.
8:44 of 1st period - Shot Blocked by Ryan McDonagh.
8:46 of 1st period - Slapshot by Adam Lowry.
8:46 of 1st period - Stopped by Spencer Knight without a rebound.
8:47 of 1st period - Joel Armia wins face-off versus Joshua Norris in Hartford Whalers zone.
8:56 of 1st period - Snap shot by Alexis Lafreniere.
8:56 of 1st period - Shot Blocked by Ryan McDonagh.
8:58 of 1st period - Snap shot by Joel Armia.
8:58 of 1st period - Stopped by Spencer Knight with a rebound.
9:04 of 1st period - Snap shot by Alexis Lafreniere.
9:04 of 1st period - Stopped by Spencer Knight with a rebound.
9:10 of 1st period - Minor Penalty to Tom Wilson for Hooking.
9:11 of 1st period - Connor McDavid wins face-off versus Nick Suzuki in Hartford Whalers zone.
9:38 of 1st period - Joel Armia is hit by Charlie McAvoy and loses puck.
11:10 of 1st period - Penalty to Tom Wilson is over, Tom Wilson is back on ice.
11:20 of 1st period - Wrist shot by Joshua Norris.
11:20 of 1st period - Shot Blocked by Oliver Ekman-Larsson.
11:38 of 1st period - Miles Wood is hit by Ridly Greig and loses puck.
12:31 of 1st period - Joel Armia is hit by T.J. Oshie and loses puck.
12:58 of 1st period - Matt Duchene is hit by Connor Bedard and loses puck.
13:51 of 1st period - Wrist shot by Mason Appleton.
13:51 of 1st period - Deflect By Adam Lowry.
13:51 of 1st period - Shot Misses the Net.
13:51 of 1st period - Puck is out of play.
13:52 of 1st period - Adam Lowry wins face-off versus T.J. Oshie in Hartford Whalers zone.
14:01 of 1st period - Olen Zellweger is hit by Morgan Frost and loses puck.
14:39 of 1st period - Dylan Samberg is hit by Anthony Cirelli and loses puck.
14:56 of 1st period - Slapshot by Miles Wood.
14:56 of 1st period - Shot Misses the Net.
14:58 of 1st period - Wrist shot by T.J. Oshie.
14:58 of 1st period - Shot Misses the Net.
15:53 of 1st period - Minor Penalty to Adam Lowry for Tripping.
15:54 of 1st period - Ridly Greig wins face-off versus Miles Wood in Winnipeg Jets zone.
16:29 of 1st period - Wrist shot by Anthony Cirelli.
16:29 of 1st period - Stopped by Martin Jones with a rebound.
16:59 of 1st period - Wrist shot by Ridly Greig.
16:59 of 1st period - Deflect By Matt Duchene.
16:59 of 1st period - Stopped by Spencer Knight with a rebound.
17:53 of 1st period - Penalty to Adam Lowry is over, Adam Lowry is back on ice.
18:10 of 1st period - Snap shot by Ridly Greig.
18:10 of 1st period - Stopped by Spencer Knight without a rebound.
18:11 of 1st period - Morgan Frost wins face-off versus Connor Bedard in Hartford Whalers zone.
18:16 of 1st period - Wrist shot by Miles Wood.
18:16 of 1st period - Shot Misses the Net.
19:24 of 1st period - Icing by Alexis Lafreniere.
19:25 of 1st period - Nick Suzuki wins face-off versus Adam Lowry in Winnipeg Jets zone.
Goals for this period are 0 for Winnipeg Jets vs 1 for Hartford Whalers.
Shots for this period are 8 for Winnipeg Jets vs 6 for Hartford Whalers.
2nd period
0:01 of 2nd period - Nick Suzuki wins face-off versus Connor Bedard in neutral zone.
0:06 of 2nd period - Slapshot by Matt Duchene.
0:06 of 2nd period - Goal by Matt Duchene - Winnipeg Jets : 0 - Hartford Whalers : 2.
0:07 of 2nd period - Connor McDavid wins face-off versus Matt Duchene in neutral zone.
0:46 of 2nd period - Kaiden Guhle is hit by Connor Bedard and loses puck.
0:57 of 2nd period - Cam Atkinson is hit by T.J. Oshie and loses puck.
1:04 of 2nd period - Snap shot by Sam Steel.
1:04 of 2nd period - Shot Misses the Net.
1:32 of 2nd period - Minor Penalty to Adam Lowry for Tripping.
1:33 of 2nd period - Nick Suzuki wins face-off versus Barclay Goodrow in Winnipeg Jets zone.
2:00 of 2nd period - Ryan McDonagh is hit by Michael Kesselring and loses puck.
2:29 of 2nd period - Anthony Cirelli is hit by Mason Appleton and loses puck.
3:32 of 2nd period - Penalty to Adam Lowry is over, Adam Lowry is back on ice.
3:34 of 2nd period - Snap shot by Alexis Lafreniere.
3:34 of 2nd period - Deflect By Tom Wilson.
3:34 of 2nd period - Stopped by Spencer Knight without a rebound.
3:35 of 2nd period - Nick Suzuki wins face-off versus Connor Bedard in Hartford Whalers zone.
3:52 of 2nd period - T.J. Oshie is hit by Ridly Greig and loses puck.
4:01 of 2nd period - Snap shot by Ridly Greig.
4:01 of 2nd period - Goal by Ridly Greig - Winnipeg Jets : 1 - Hartford Whalers : 2.
4:02 of 2nd period - Nick Suzuki wins face-off versus Connor McDavid in neutral zone.
4:32 of 2nd period - Wrist shot by Tom Wilson.
4:32 of 2nd period - Shot Blocked by Connor Bedard.
4:34 of 2nd period - Snap shot by Jaden Schwartz.
4:34 of 2nd period - Shot Hit the Post.
4:36 of 2nd period - Wrist shot by Joshua Norris.
4:36 of 2nd period - Shot Misses the Net.
4:50 of 2nd period - Ryan McDonagh is hit by Mason Appleton and loses puck.
4:55 of 2nd period - Snap shot by Adam Lowry.
4:55 of 2nd period - Stopped by Spencer Knight with a rebound.
4:57 of 2nd period - Backhand shot by Olli Maatta.
4:57 of 2nd period - Stopped by Spencer Knight with a rebound.
5:21 of 2nd period - Slapshot by Matt Duchene.
5:21 of 2nd period - Shot Blocked by Nate Schmidt.
5:23 of 2nd period - Wrist shot by Josh Anderson.
5:23 of 2nd period - Stopped by Martin Jones without a rebound.
5:24 of 2nd period - Joshua Norris wins face-off versus Connor McDavid in Winnipeg Jets zone.
5:27 of 2nd period - Wrist shot by Tom Wilson.
5:27 of 2nd period - Goal by Tom Wilson - Winnipeg Jets : 1 - Hartford Whalers : 3.
5:28 of 2nd period - Connor McDavid wins face-off versus Nick Suzuki in neutral zone.
5:44 of 2nd period - Snap shot by Nick Suzuki.
5:44 of 2nd period - Deflect By Matt Duchene.
5:44 of 2nd period - Shot Blocked by Joel Armia.
5:44 of 2nd period - Puck is out of play.
5:45 of 2nd period - Joshua Norris wins face-off versus Connor Bedard in Winnipeg Jets zone.
5:54 of 2nd period - Snap shot by Tom Wilson.
5:54 of 2nd period - Deflect By Joshua Norris.
5:54 of 2nd period - Shot Blocked by Oliver Ekman-Larsson.
5:54 of 2nd period - Puck is out of play.
5:55 of 2nd period - Joshua Norris wins face-off versus Connor Bedard in Winnipeg Jets zone.
6:21 of 2nd period - Wrist shot by Jaden Schwartz.
6:21 of 2nd period - Stopped by Martin Jones with a rebound.
6:23 of 2nd period - Slapshot by Charlie McAvoy.
6:23 of 2nd period - Shot Misses the Net.
6:25 of 2nd period - Slapshot by Tyler Myers.
6:25 of 2nd period - Shot Misses the Net.
6:27 of 2nd period - Snap shot by Tom Wilson.
6:27 of 2nd period - Shot Misses the Net.
6:29 of 2nd period - Slapshot by Tyler Myers.
6:29 of 2nd period - Shot Blocked by Jason Zucker.
6:31 of 2nd period - Slapshot by Tom Wilson.
6:31 of 2nd period - Shot Misses the Net.
6:33 of 2nd period - Slapshot by Charlie McAvoy.
6:33 of 2nd period - Deflect By Jaden Schwartz.
6:33 of 2nd period - Stopped by Martin Jones with a rebound.
6:35 of 2nd period - Snap shot by Joshua Norris.
6:35 of 2nd period - Shot Misses the Net.
6:37 of 2nd period - Snap shot by Tyler Myers.
6:37 of 2nd period - Shot Blocked by Olli Maatta.
6:39 of 2nd period - Slapshot by Joshua Norris.
6:39 of 2nd period - Shot Misses the Net.
6:41 of 2nd period - Wrist shot by Joshua Norris.
6:41 of 2nd period - Stopped by Martin Jones with a rebound.
6:43 of 2nd period - Wrist shot by Tom Wilson.
6:43 of 2nd period - Goal by Tom Wilson - Winnipeg Jets : 1 - Hartford Whalers : 4.
6:44 of 2nd period - Nick Suzuki wins face-off versus Connor McDavid in neutral zone.
6:51 of 2nd period - Snap shot by Nick Suzuki.
6:51 of 2nd period - Shot Blocked by Connor McDavid.
6:53 of 2nd period - Backhand shot by Anthony Cirelli.
6:53 of 2nd period - Deflect By Matt Duchene.
6:53 of 2nd period - Shot Blocked by Nate Schmidt.
6:53 of 2nd period - Puck is out of play.
6:54 of 2nd period - Connor McDavid wins face-off versus Nick Suzuki in Winnipeg Jets zone.
7:03 of 2nd period - Wrist shot by Alexis Lafreniere.
7:03 of 2nd period - Shot Blocked by Matt Duchene.
7:13 of 2nd period - Snap shot by Matt Duchene.
7:13 of 2nd period - Shot Misses the Net.
7:15 of 2nd period - Snap shot by Matt Duchene.
7:15 of 2nd period - Stopped by Martin Jones without a rebound.
7:16 of 2nd period - Connor Bedard wins face-off versus Joshua Norris in Winnipeg Jets zone.
7:27 of 2nd period - Snap shot by Connor Bedard.
7:27 of 2nd period - Stopped by Spencer Knight with a rebound.
7:46 of 2nd period - Snap shot by Anthony Cirelli.
7:46 of 2nd period - Shot Blocked by Alexis Lafreniere.
7:48 of 2nd period - Slapshot by Tyler Myers.
7:48 of 2nd period - Shot Blocked by Connor McDavid.
7:50 of 2nd period - Wrist shot by Anthony Cirelli.
7:50 of 2nd period - Shot Misses the Net.
7:52 of 2nd period - Snap shot by Nick Suzuki.
7:52 of 2nd period - Deflect By Connor McDavid.
7:52 of 2nd period - Goal by Nick Suzuki - Winnipeg Jets : 1 - Hartford Whalers : 5.
7:53 of 2nd period - Nick Suzuki wins face-off versus Joel Armia in neutral zone.
9:21 of 2nd period - Off-side.
9:22 of 2nd period - Joshua Norris wins face-off versus Connor McDavid in neutral zone.
10:14 of 2nd period - T.J. Oshie is hit by Barclay Goodrow and loses puck.
10:19 of 2nd period - Wrist shot by Mason Appleton.
10:19 of 2nd period - Shot Misses the Net.
10:21 of 2nd period - Snap shot by Mason Appleton.
10:21 of 2nd period - Shot Misses the Net.
10:31 of 2nd period - Nate Schmidt is hit by Jaden Schwartz.
10:59 of 2nd period - Icing by Nate Schmidt.
11:00 of 2nd period - Joshua Norris wins face-off versus Connor McDavid in Winnipeg Jets zone.
11:07 of 2nd period - Wrist shot by Joshua Norris.
11:07 of 2nd period - Stopped by Martin Jones without a rebound.
11:08 of 2nd period - Jason Zucker wins face-off versus Tom Wilson in Winnipeg Jets zone.
11:17 of 2nd period - Wrist shot by Andre Burakovsky.
11:17 of 2nd period - Shot Misses the Net.
11:33 of 2nd period - Joel Armia is hit by Tyler Myers.
11:43 of 2nd period - Wrist shot by Alexis Lafreniere.
11:43 of 2nd period - Stopped by Spencer Knight with a rebound.
11:45 of 2nd period - Snap shot by Connor McDavid.
11:45 of 2nd period - Shot Blocked by Matt Duchene.
12:19 of 2nd period - Slapshot by Samuel Girard.
12:19 of 2nd period - Stopped by Martin Jones with a rebound.
12:44 of 2nd period - Snap shot by Connor Bedard.
12:44 of 2nd period - Shot Misses the Net.
12:46 of 2nd period - Slapshot by Connor Bedard.
12:46 of 2nd period - Shot Misses the Net.
12:48 of 2nd period - Snap shot by Connor Bedard.
12:48 of 2nd period - Shot Misses the Net.
12:58 of 2nd period - Slapshot by Charlie McAvoy.
12:58 of 2nd period - Stopped by Martin Jones with a rebound.
13:11 of 2nd period - Nate Schmidt beats up Ryan McDonagh.
13:11 of 2nd period - Penalty to Ryan McDonagh for Fighting.
13:11 of 2nd period - Penalty to Nate Schmidt for Fighting.
13:12 of 2nd period - Connor Bedard wins face-off versus Nick Suzuki in Winnipeg Jets zone.
13:19 of 2nd period - Wrist shot by Nick Suzuki.
13:19 of 2nd period - Shot Misses the Net.
13:57 of 2nd period - Wrist shot by Adam Lowry.
13:57 of 2nd period - Shot Blocked by Tom Wilson.
14:23 of 2nd period - Snap shot by Oliver Ekman-Larsson.
14:23 of 2nd period - Stopped by Spencer Knight without a rebound.
14:24 of 2nd period - Ridly Greig wins face-off versus Nick Suzuki in Hartford Whalers zone.
14:24 of 2nd period - Cam Atkinson beats up Matt Duchene.
14:24 of 2nd period - Penalty to Matt Duchene for Fighting.
14:24 of 2nd period - Penalty to Cam Atkinson for Fighting.
14:24 of 2nd period - Penalty to Cam Atkinson for instigated a fight.
14:24 of 2nd period - Penalty to Cam Atkinson for instigated a fight.
14:25 of 2nd period - Nick Suzuki wins face-off versus Barclay Goodrow in Hartford Whalers zone.
15:01 of 2nd period - Backhand shot by Miles Wood.
15:01 of 2nd period - Stopped by Martin Jones without a rebound.
15:02 of 2nd period - Nick Suzuki wins face-off versus Adam Lowry in Winnipeg Jets zone.
15:25 of 2nd period - Olen Zellweger is hit by Kaiden Guhle and loses puck.
15:44 of 2nd period - Adam Lowry is hit by Anthony Cirelli and loses puck.
16:05 of 2nd period - Barclay Goodrow is hit by Miles Wood and loses puck.
16:18 of 2nd period - Barclay Goodrow is hit by Jaden Schwartz and loses puck.
16:24 of 2nd period - Penalty to Cam Atkinson is over, Ridly Greig is send on ice.
16:57 of 2nd period - Snap shot by Ridly Greig.
16:57 of 2nd period - Shot Misses the Net.
16:59 of 2nd period - Snap shot by Ridly Greig.
16:59 of 2nd period - Stopped by Spencer Knight without a rebound.
17:00 of 2nd period - Connor McDavid wins face-off versus Tom Wilson in Hartford Whalers zone.
17:09 of 2nd period - Snap shot by Alexis Lafreniere.
17:09 of 2nd period - Shot Misses the Net.
17:11 of 2nd period - Slapshot by Connor McDavid.
17:11 of 2nd period - Shot Misses the Net.
17:13 of 2nd period - Wrist shot by Joel Armia.
17:13 of 2nd period - Shot Misses the Net.
17:15 of 2nd period - Snap shot by Connor McDavid.
17:15 of 2nd period - Shot Blocked by Joshua Norris.
17:17 of 2nd period - Slapshot by Dylan Samberg.
17:17 of 2nd period - Deflect By Tom Wilson.
17:17 of 2nd period - Stopped by Spencer Knight with a rebound.
17:27 of 2nd period - Jason Zucker is hit by Anthony Cirelli and loses puck.
17:38 of 2nd period - Michael Kesselring is hit by T.J. Oshie and loses puck.
18:13 of 2nd period - Charlie McAvoy is hit by Olli Maatta and loses puck.
19:07 of 2nd period - Tom Wilson is hit by Alexis Lafreniere and loses puck.
Goals for this period are 1 for Winnipeg Jets vs 4 for Hartford Whalers.
Shots for this period are 9 for Winnipeg Jets vs 13 for Hartford Whalers.
3rd period
0:01 of 3rd period - Connor McDavid wins face-off versus Anthony Cirelli in neutral zone.
0:11 of 3rd period - Slapshot by Olen Zellweger.
0:11 of 3rd period - Shot Misses the Net.
0:13 of 3rd period - Slapshot by Michael Kesselring.
0:13 of 3rd period - Deflect By Connor McDavid.
0:13 of 3rd period - Shot Misses the Net.
0:13 of 3rd period - Puck is out of play.
0:14 of 3rd period - Adam Lowry wins face-off versus Nick Suzuki in Hartford Whalers zone.
0:19 of 3rd period - Slapshot by Adam Lowry.
0:19 of 3rd period - Shot Blocked by Anthony Cirelli.
1:12 of 3rd period - Wrist shot by Jason Zucker.
1:12 of 3rd period - Stopped by Spencer Knight with a rebound.
1:14 of 3rd period - Slapshot by Olen Zellweger.
1:14 of 3rd period - Stopped by Spencer Knight without a rebound.
1:15 of 3rd period - Nick Suzuki wins face-off versus Connor McDavid in Hartford Whalers zone.
1:28 of 3rd period - Backhand shot by Matt Duchene.
1:28 of 3rd period - Shot Misses the Net.
1:30 of 3rd period - Wrist shot by Nick Suzuki.
1:30 of 3rd period - Shot Blocked by Connor McDavid.
2:01 of 3rd period - Slapshot by Tom Wilson.
2:01 of 3rd period - Shot Misses the Net.
2:03 of 3rd period - Wrist shot by Jaden Schwartz.
2:03 of 3rd period - Stopped by Martin Jones with a rebound.
2:05 of 3rd period - Backhand shot by Kaiden Guhle.
2:05 of 3rd period - Stopped by Martin Jones without a rebound.
2:06 of 3rd period - Connor Bedard wins face-off versus Nick Suzuki in Winnipeg Jets zone.
2:19 of 3rd period - Snap shot by Andre Burakovsky.
2:19 of 3rd period - Stopped by Spencer Knight without a rebound.
2:20 of 3rd period - Nick Suzuki wins face-off versus Connor McDavid in Hartford Whalers zone.
3:09 of 3rd period - Snap shot by Ridly Greig.
3:09 of 3rd period - Shot Misses the Net.
3:49 of 3rd period - Andre Burakovsky is hit by T.J. Oshie and loses puck.
4:08 of 3rd period - Tom Wilson is hit by Olen Zellweger and loses puck.
4:24 of 3rd period - Off-side.
4:25 of 3rd period - Ridly Greig wins face-off versus Nick Suzuki in neutral zone.
4:30 of 3rd period - Snap shot by Ridly Greig.
4:30 of 3rd period - Stopped by Spencer Knight with a rebound.
4:32 of 3rd period - Snap shot by Jason Zucker.
4:32 of 3rd period - Stopped by Spencer Knight without a rebound.
4:33 of 3rd period - Morgan Frost wins face-off versus Connor Bedard in Hartford Whalers zone.
4:33 of 3rd period - Miles Wood and Andre Burakovsky fight to a draw.
4:33 of 3rd period - Penalty to Miles Wood for Fighting.
4:33 of 3rd period - Penalty to Andre Burakovsky for Fighting.
4:34 of 3rd period - Nick Suzuki wins face-off versus Connor Bedard in Hartford Whalers zone.
4:47 of 3rd period - Snap shot by Nick Suzuki.
4:47 of 3rd period - Shot Misses the Net.
5:03 of 3rd period - Snap shot by Joshua Norris.
5:03 of 3rd period - Stopped by Martin Jones without a rebound.
5:04 of 3rd period - Connor Bedard wins face-off versus Joshua Norris in Winnipeg Jets zone.
5:06 of 3rd period - Kaiden Guhle and Ridly Greig fight to a draw.
5:06 of 3rd period - Penalty to Kaiden Guhle for Fighting.
5:06 of 3rd period - Penalty to Ridly Greig for Fighting.
5:07 of 3rd period - Connor McDavid wins face-off versus Nick Suzuki in Winnipeg Jets zone.
5:50 of 3rd period - Icing by Dylan Samberg.
5:51 of 3rd period - Joshua Norris wins face-off versus Connor Bedard in Winnipeg Jets zone.
6:01 of 3rd period - Slapshot by Tom Wilson.
6:01 of 3rd period - Shot Misses the Net.
6:03 of 3rd period - Snap shot by Jaden Schwartz.
6:03 of 3rd period - Shot Hit the Post.
6:05 of 3rd period - Snap shot by Jaden Schwartz.
6:05 of 3rd period - Stopped by Martin Jones without a rebound.
6:06 of 3rd period - Morgan Frost wins face-off versus Adam Lowry in Winnipeg Jets zone.
6:10 of 3rd period - Anthony Cirelli and Barclay Goodrow fight to a draw.
6:10 of 3rd period - Penalty to Anthony Cirelli for Fighting.
6:10 of 3rd period - Penalty to Barclay Goodrow for Fighting.
6:11 of 3rd period - Adam Lowry wins face-off versus Nick Suzuki in Winnipeg Jets zone.
6:13 of 3rd period - Minor Penalty to Jason Zucker for Tripping.
6:14 of 3rd period - Connor Bedard wins face-off versus Morgan Frost in Winnipeg Jets zone.
6:26 of 3rd period - Slapshot by Charlie McAvoy.
6:26 of 3rd period - Deflect By Morgan Frost.
6:26 of 3rd period - Stopped by Martin Jones without a rebound.
6:27 of 3rd period - Morgan Frost wins face-off versus Connor Bedard in Winnipeg Jets zone.
6:42 of 3rd period - Snap shot by Tom Wilson.
6:42 of 3rd period - Stopped by Martin Jones with a rebound.
7:51 of 3rd period - Icing by Samuel Girard.
7:52 of 3rd period - Sam Steel wins face-off versus Nick Suzuki in Hartford Whalers zone.
8:13 of 3rd period - Penalty to Jason Zucker is over, Jason Zucker is back on ice.
8:31 of 3rd period - Olen Zellweger is hit by Tyler Myers and loses puck.
9:24 of 3rd period - 10 Minutes Misconduct Penalty to Cam Atkinson is over.
10:22 of 3rd period - Miles Wood is hit by Alexis Lafreniere and loses puck.
10:52 of 3rd period - Jaden Schwartz is hit by Ridly Greig and loses puck.
11:07 of 3rd period - Morgan Frost is hit by Alexis Lafreniere and loses puck.
12:07 of 3rd period - Joel Armia is hit by Josh Anderson and loses puck.
13:20 of 3rd period - Joel Armia is hit by Miles Wood and loses puck.
13:51 of 3rd period - Slapshot by Ridly Greig.
13:51 of 3rd period - Shot Misses the Net.
14:10 of 3rd period - Tyler Myers is hit by Olli Maatta and loses puck.
14:28 of 3rd period - Minor Penalty to Jason Zucker for Slashing.
14:29 of 3rd period - Barclay Goodrow wins face-off versus Nick Suzuki in Winnipeg Jets zone.
14:29 of 3rd period - Barclay Goodrow is hit by Matt Duchene.
15:29 of 3rd period - Icing by Tyler Myers.
15:30 of 3rd period - Miles Wood wins face-off versus Adam Lowry in Hartford Whalers zone.
16:28 of 3rd period - Penalty to Jason Zucker is over, Jason Zucker is back on ice.
16:30 of 3rd period - Off-side.
16:31 of 3rd period - Connor Bedard wins face-off versus Morgan Frost in neutral zone.
16:34 of 3rd period - Oliver Ekman-Larsson is hit by Miles Wood and loses puck.
16:39 of 3rd period - Wrist shot by Morgan Frost.
16:39 of 3rd period - Stopped by Martin Jones without a rebound.
16:40 of 3rd period - Nick Suzuki wins face-off versus Connor Bedard in Winnipeg Jets zone.
16:54 of 3rd period - Off-side.
16:55 of 3rd period - Connor McDavid wins face-off versus Joshua Norris in neutral zone.
16:58 of 3rd period - Slapshot by Connor McDavid.
16:58 of 3rd period - Shot Misses the Net.
17:00 of 3rd period - Minor Penalty to Tom Wilson for Tripping.
17:01 of 3rd period - Nick Suzuki wins face-off versus Connor Bedard in Hartford Whalers zone.
17:27 of 3rd period - Icing by Connor McDavid.
17:28 of 3rd period - Connor McDavid wins face-off versus Anthony Cirelli in Winnipeg Jets zone.
18:10 of 3rd period - Snap shot by Anthony Cirelli.
18:10 of 3rd period - Shot Misses the Net.
19:00 of 3rd period - Penalty to Tom Wilson is over, Tom Wilson is back on ice.
19:03 of 3rd period - Snap shot by Nick Suzuki.
19:03 of 3rd period - Deflect By Matt Duchene.
19:03 of 3rd period - Shot Misses the Net.
19:03 of 3rd period - Puck is out of play.
19:04 of 3rd period - Joshua Norris wins face-off versus Adam Lowry in Winnipeg Jets zone.
19:07 of 3rd period - Snap shot by Tom Wilson.
19:07 of 3rd period - Goal by Tom Wilson - Winnipeg Jets : 1 - Hartford Whalers : 6.
19:08 of 3rd period - Nick Suzuki wins face-off versus Alexis Lafreniere in neutral zone.
Goals for this period are 0 for Winnipeg Jets vs 1 for Hartford Whalers.
Shots for this period are 5 for Winnipeg Jets vs 8 for Hartford Whalers.
Back to the Top